Avalanche vs Devils
Created - 13 janvier 2017 at 21:31
Goals
|
| Avalanche |
0 |
1 |
2 |
3 |
| Devils |
1 |
2 |
4 |
7 |
|
Shots
|
| Avalanche |
6 |
6 |
17 |
29 |
| Devils |
9 |
7 |
18 |
34 |
|
1st period
1. Devils , Vincent Lecavalier 7 (Michael Frolik, Brent Seabrook) at 2:04 (SH)
Penalties :
Mike Komisarek (NJD) for Hooking (Minor) at 1:56, Chuck Kobasew (Col) for Diving (Minor) at 12:09, Johnny Boychuk (Col) for Goalie Interference (Minor) at 19:29
2nd period
2. Devils , Chris Mcallister 6 (Michael Frolik) at 6:50
3. Devils , Mike Komisarek 2 (Matt Duchene, Ilya Kovalchuk) at 17:47
4. Avalanche , Corey Perry 10 (Bryan Little) at 18:39 (PP)
Penalties :
Chris Phillips (NJD) for Roughing (Minor) at 7:37, Semyon Varlamov (Col) for Slashing (Minor) at 14:37 - Jack Johnson served the penalty, Ilya Kovalchuk (NJD) for Hooking (Minor) at 15:30, Vincent Lecavalier (NJD) for Hooking (Minor) at 18:35
3rd period
5. Devils , Matt Duchene 15 (Ilya Kovalchuk, Jason Spezza) at 4:25
6. Devils , Brent Seabrook 2 (Matt Duchene, Steve Ott) at 5:43
7. Avalanche , Paul Stastny 10 (Andrei Kostitsyn, Marc Staal) at 7:15
8. Devils , Ilya Kovalchuk 22 (Matt Duchene) at 10:54
9. Avalanche , Chuck Kobasew 6 (Johnny Boychuk) at 15:30
10. Devils , Jason Spezza 18 (Michael Frolik, Michal Rozsival) at 19:50
Penalties :
Johnny Boychuk (Col) for Interference (Minor) at 0:41, Brent Seabrook (NJD) for Roughing (Minor) at 3:34, Andrei Kostitsyn (Col) for Goalie Interference (Minor) at 3:38
Goalie Stats
Dan Ellis (Col), 13 saves from 16 shots - (0,813), 15:35 minutes
Semyon Varlamov (Col), 14 saves from 18 shots - (0,778), L, 6-11-2, 44:25 minutes
James Reimer (NJD), 26 saves from 29 shots - (0,897), W, 12-7-1, 60:00 minutes
Players Stats for Avalanche
Player Name G A P +/- PIM S H SB GA TA FO MP PP MP PK MP
------------------------------------------------------------------------------------
Alexander Radulov 0 0 0 0 0 1 1 2 2 0 0/1 18:46 2:20 1:19
Andrei Kostitsyn 0 1 1 -1 2 4 2 1 0 0 1/3 18:48 2:34 1:05
Andrew Ladd 0 0 0 -1 0 2 4 1 0 0 0/0 10:47 0:04 1:56
Brandon Yip 0 0 0 0 0 0 0 0 0 0 1/1 9:27 0:04 1:25
Bryan Little 0 1 1 -4 0 2 3 0 0 1 8/18 16:56 2:34 0:00
Chuck Kobasew 1 0 1 -1 2 2 1 0 0 0 0/0 11:59 0:00 3:16
Corey Perry 1 0 1 -4 0 2 1 0 0 0 3/5 18:39 2:35 0:01
David Krejci 0 0 0 0 0 2 1 1 0 0 1/4 9:37 0:00 0:40
Jack Johnson 0 0 0 0 0 1 2 2 0 1 0/0 24:14 0:05 3:23
Jay Bouwmeester 0 0 0 -4 0 1 2 0 0 0 0/0 16:09 2:59 0:04
Johnny Boychuk 0 1 1 -1 4 0 1 1 0 0 0/0 17:08 2:59 0:00
Marc Staal 0 1 1 -1 0 5 3 2 1 1 0/0 26:20 2:00 4:16
Mike Comrie 0 0 0 -1 0 2 2 0 0 0 2/8 11:48 0:00 4:05
Mikkel Boedker 0 0 0 -3 0 1 1 1 1 0 0/1 16:47 2:20 0:00
Paul Stastny 1 0 1 1 0 2 2 0 0 0 4/14 17:53 2:20 0:01
Pernell Karl Subban 0 0 0 -1 0 0 1 0 2 0 0/0 20:13 2:00 2:58
Ryan Smyth 0 0 0 0 0 1 1 0 0 0 0/0 8:17 0:00 0:00
Shane O'Brien 0 0 0 -3 0 1 1 1 0 1 0/0 16:13 0:00 3:07
Players Stats for Devils
Player Name G A P +/- PIM S H SB GA TA FO MP PP MP PK MP
------------------------------------------------------------------------------------
Brad Richardson 0 0 0 0 0 1 2 0 0 0 0/1 10:32 0:02 1:15
Brent Seabrook 1 1 2 1 2 1 1 2 0 1 0/0 24:52 3:57 2:36
Brett Maclean 0 0 0 -1 0 0 0 0 0 0 0/0 7:47 0:00 0:00
Chris Mcallister 1 0 1 2 0 1 1 0 0 0 0/0 12:30 0:02 0:03
Chris Phillips 0 0 0 -1 2 0 1 0 0 2 0/0 19:51 4:02 0:12
Damien Brunner 0 0 0 -1 0 1 3 0 0 1 0/0 7:47 0:00 0:00
Gabriel Landeskog 0 0 0 1 0 0 0 0 0 0 0/0 14:10 3:01 1:49
Ilya Kovalchuk 1 2 3 2 2 7 0 1 1 0 0/0 19:51 3:48 0:00
Jason Spezza 1 1 2 2 0 5 1 0 0 0 13/20 19:02 3:49 1:04
Jay McKee 0 0 0 1 0 1 1 0 0 0 0/0 12:22 0:07 2:19
Karl Alzner 0 0 0 4 0 1 2 1 0 0 0/0 23:49 2:52 1:06
Matt Duchene 1 3 4 3 0 7 5 0 1 0 15/18 19:52 3:01 0:12
Michael Frolik 0 3 3 3 0 3 2 0 1 1 0/0 20:37 3:49 2:48
Michal Rozsival 0 1 1 3 0 2 0 0 0 1 0/0 24:54 2:52 1:50
Mike Komisarek 1 0 1 2 2 1 1 1 0 0 0/0 14:20 0:00 1:55
Steve Ott 0 1 1 -1 0 0 2 1 0 0 3/6 8:36 0:04 0:08
Vincent Lecavalier 1 0 1 1 2 2 0 0 1 0 3/6 12:12 0:02 2:39
Vladimir Tarasenko 0 0 0 2 0 1 0 0 0 0 1/4 18:51 3:01 0:00
3 Stars
1 - Matt Duchene (NJD)
2 - Michael Frolik (NJD)
3 - Ilya Kovalchuk (NJD)
Power Play
Avalanche - 1 on 5 Attempt(s) - 20,00%
Devils - 0 on 5 Attempt(s) - 0,00%
Penalty Kill
Avalanche - 5 on 5 Attempt(s) - 100,00%
- Score 0 goal in Penalty Kill
Devils - 4 on 5 Attempt(s) - 80,00%
- Score 1 goal in Penalty Kill
Team Stat
Avalanche - Hits : 29 - Faceoff Wins : 20 - Blocked Shots : 12 - Penalty Minutes : 10
Devils - Hits : 22 - Faceoff Wins : 35 - Blocked Shots : 6 - Penalty Minutes : 10
Official
Referees : Kowal Tom and Jackson Dave
Linesman : Brad Kovachik and Mark Pare
Game Notes
Dan Ellis enters game at 4:25 of 3rd period
7:15 of 3rd period - Avalanche goal is going for a video replay. After video review, Goal.
Finance
Level 1 -- Attendance: 5704 (95,07%) -- Ticket Income 484 840 $
Level 2 -- Attendance: 4289 (85,78%) -- Ticket Income 223 028 $
Level 3 -- Attendance: 2000 (100,00%) -- Ticket Income 56 000 $
Level 4 -- Attendance: 3487 (87,18%) -- Ticket Income 69 740 $
Luxury Box -- Attendance: 889 (88,90%) -- Ticket Income 133 350 $
Game was played at the The prudential Center.
Total Attendance: 16369 (90,94%)
Total Ticket Income: 966 958 $
Other Income: 145 044 $
Total Income: 1 112 002 $
Avalanche
5 vs 5 Forward
Center Left Wing Right Wing Time % Phy DF OF
1 Bryan Little Mikkel Boedker Corey Perry 35 1 2 2
2 Paul Stastny Andrei Kostitsyn Alexander Radulov 35 1 2 2
3 Mike Comrie Andrew Ladd Brandon Yip 15 1 2 2
4 David Krejci Ryan Smyth Chuck Kobasew 15 1 2 2
5 vs 5 Defense
Defense Defense Time % Phy DF OF
1 Marc Staal Jack Johnson 40 1 2 2
2 Shane O'Brien Jay Bouwmeester 30 1 2 2
3 Pernell Karl Subban Johnny Boychuk 30 1 2 2
4 Marc Staal Jack Johnson 0 1 2 2
PowerPlay Forward
Center Left Wing Right Wing Time % Phy DF OF
1 Bryan Little Andrei Kostitsyn Corey Perry 60 1 2 2
2 Paul Stastny Mikkel Boedker Alexander Radulov 40 1 2 2
PowerPlay Defense
Defense Defense Time % Phy DF OF
1 Jay Bouwmeester Johnny Boychuk 60 1 2 2
2 Marc Staal Pernell Karl Subban 40 1 2 2
Penalty Kill 4 Players Forward
Center Wing Time % Phy DF OF
1 Mike Comrie Chuck Kobasew 60 1 2 2
2 Brandon Yip Andrew Ladd 40 1 2 2
Penalty Kill 4 Players Defense
Defense Defense Time % Phy DF OF
1 Marc Staal Jack Johnson 60 1 2 2
2 Pernell Karl Subban Shane O'Brien 40 1 2 2
Penalty Kill - 3 Players Forward
Forward Time % Phy DF OF
1 Mike Comrie 60 1 2 2
2 Chuck Kobasew 40 1 2 2
Penalty Kill - 3 Players Defense
Defense Defense Time % Phy DF OF
1 Pernell Karl Subban Marc Staal 60 1 2 2
2 Shane O'Brien Jack Johnson 40 1 2 2
4 vs 4 Forward
Center Wing Time % Phy DF OF
1 Corey Perry Andrei Kostitsyn 60 1 2 2
2 Mikkel Boedker Bryan Little 40 1 2 2
4 vs 4 Defense
Defense Defense Time % Phy DF OF
1 Marc Staal Jack Johnson 60 1 2 2
2 Shane O'Brien Jay Bouwmeester 40 1 2 2
Last Minutes Offensive
Center Left Wing Right Wing Defense Defense
Bryan Little Andrei Kostitsyn Corey Perry Marc Staal Jack Johnson
Last Minutes Defensive
Center Left Wing Right Wing Defense Defense
Mike Comrie Mikkel Boedker Chuck Kobasew Marc Staal Jack Johnson
Goaltenders
Starting : Semyon Varlamov
Backup : Dan Ellis
Extra Forwards
Normal : Corey Perry, Paul Stastny, Alexander Radulov - PP : Corey Perry, Paul Stastny - PK : Alexander Radulov
Extra Defensemen
Normal : Pernell Karl Subban, Marc Staal, Shane O'Brien - PP : Pernell Karl Subban - PK : Jack Johnson, Shane O'Brien
Penalty Shots
Corey Perry, Andrei Kostitsyn, Mikkel Boedker, Bryan Little, Mike Comrie
Devils
5 vs 5 Forward
Center Left Wing Right Wing Time % Phy DF OF
1 Matt Duchene Ilya Kovalchuk Vladimir Tarasenko 40 0 2 3
2 Jason Spezza Chris Mcallister Michael Frolik 30 0 2 3
3 Vincent Lecavalier Gabriel Landeskog Brad Richardson 20 0 2 3
4 Steve Ott Brett Maclean Damien Brunner 10 0 3 2
5 vs 5 Defense
Defense Defense Time % Phy DF OF
1 Michal Rozsival Karl Alzner 40 1 2 2
2 Chris Phillips Brent Seabrook 30 1 2 2
3 Jay McKee Mike Komisarek 20 1 2 2
4 Brent Seabrook Mike Komisarek 10 1 2 2
PowerPlay Forward
Center Left Wing Right Wing Time % Phy DF OF
1 Jason Spezza Ilya Kovalchuk Michael Frolik 55 0 2 3
2 Matt Duchene Gabriel Landeskog Vladimir Tarasenko 45 0 2 3
PowerPlay Defense
Defense Defense Time % Phy DF OF
1 Brent Seabrook Chris Phillips 60 0 2 3
2 Karl Alzner Michal Rozsival 40 0 2 3
Penalty Kill 4 Players Forward
Center Wing Time % Phy DF OF
1 Vincent Lecavalier Michael Frolik 60 1 2 2
2 Jason Spezza Gabriel Landeskog 40 1 2 2
Penalty Kill 4 Players Defense
Defense Defense Time % Phy DF OF
1 Brent Seabrook Mike Komisarek 60 1 2 2
2 Michal Rozsival Jay McKee 40 1 2 2
Penalty Kill - 3 Players Forward
Forward Time % Phy DF OF
1 Ilya Kovalchuk 60 1 2 2
2 Vincent Lecavalier 40 1 2 2
Penalty Kill - 3 Players Defense
Defense Defense Time % Phy DF OF
1 Michal Rozsival Jay McKee 60 1 2 2
2 Mike Komisarek Brent Seabrook 40 1 2 2
4 vs 4 Forward
Center Wing Time % Phy DF OF
1 Jason Spezza Michael Frolik 60 1 2 2
2 Matt Duchene Ilya Kovalchuk 40 1 2 2
4 vs 4 Defense
Defense Defense Time % Phy DF OF
1 Michal Rozsival Brent Seabrook 60 1 2 2
2 Mike Komisarek Jay McKee 40 1 2 2
Last Minutes Offensive
Center Left Wing Right Wing Defense Defense
Jason Spezza Ilya Kovalchuk Michael Frolik Brent Seabrook Michal Rozsival
Last Minutes Defensive
Center Left Wing Right Wing Defense Defense
Jason Spezza Ilya Kovalchuk Michael Frolik Michal Rozsival Brent Seabrook
Goaltenders
Starting : James Reimer
Backup : Frederik Andersen
Extra Forwards
Normal : Vincent Lecavalier, Steve Ott, Brad Richardson - PP : Matt Duchene, Steve Ott - PK : Brad Richardson
Extra Defensemen
Normal : Brent Seabrook, Karl Alzner, Michal Rozsival - PP : Chris Phillips - PK : Karl Alzner, Brent Seabrook
Penalty Shots
Ilya Kovalchuk, Vincent Lecavalier, Jason Spezza, Michael Frolik, Matt Duchene
% Time on Ice - Avalanche
Lines # - Real PCT - Wanted PCT - Time Play
Normal Forward
1 - 33% - 35% - 14:42
2 - 33% - 35% - 14:43
3 - 17% - 15% - 7:37
4 - 18% - 15% - 8:04
Normal Defense
1 - 40% - 40% - 18:08
2 - 29% - 30% - 13:08
3 - 31% - 30% - 13:50
4 - 0% - 0% - 0:00
PP Forward
1 - 53% - 60% - 2:39
2 - 47% - 40% - 2:20
PP Defense
1 - 62% - 60% - 3:04
2 - 38% - 40% - 1:55
PK Forward
1 - 79% - 60% - 5:29
2 - 21% - 40% - 1:25
PK Defense
1 - 62% - 60% - 4:16
2 - 38% - 40% - 2:38
PK3 Forward
1 - 0% - 60%
2 - 0% - 40%
PK3 Defense
1 - 0% - 60%
2 - 0% - 40%
44 Forward
1 - 89% - 60% - 2:41
2 - 11% - 40% - 0:20
44 Defense
1 - 56% - 60% - 1:41
2 - 44% - 40% - 1:20
Last Minute Offensive - 0:00
Last Minute Defensive - 0:00
Total
Forward - 60:00
Defense - 60:00
|
% Time on Ice - Devils
Lines # - Real PCT - Wanted PCT - Time Play
Normal Forward
1 - 35% - 40% - 15:59
2 - 28% - 30% - 12:25
3 - 20% - 20% - 8:55
4 - 17% - 10% - 7:47
Normal Defense
1 - 42% - 40% - 18:43
2 - 32% - 30% - 14:39
3 - 21% - 20% - 9:41
4 - 5% - 10% - 2:03
PP Forward
1 - 56% - 55% - 3:53
2 - 44% - 45% - 3:01
PP Defense
1 - 59% - 60% - 4:04
2 - 41% - 40% - 2:50
PK Forward
1 - 79% - 60% - 3:55
2 - 21% - 40% - 1:04
PK Defense
1 - 54% - 60% - 2:40
2 - 46% - 40% - 2:19
PK3 Forward
1 - 0% - 60%
2 - 0% - 40%
PK3 Defense
1 - 0% - 60%
2 - 0% - 40%
44 Forward
1 - 77% - 60% - 2:20
2 - 23% - 40% - 0:41
44 Defense
1 - 92% - 60% - 2:46
2 - 8% - 40% - 0:15
Last Minute Offensive - 0:00
Last Minute Defensive - 0:00
Total
Forward - 60:00
Defense - 60:00
|
Play by Play
1st period
0:01 of 1st period - Corey Perry wins face-off versus Vladimir Tarasenko in neutral zone.
0:20 of 1st period - Icing by Karl Alzner.
0:21 of 1st period - Matt Duchene wins face-off versus Paul Stastny in Devils zone.
0:21 of 1st period - Matt Duchene is hit by Jay Bouwmeester.
0:35 of 1st period - Karl Alzner is hit by Alexander Radulov and loses puck.
0:56 of 1st period - Wrist shot by Jason Spezza.
0:56 of 1st period - Stopped by Semyon Varlamov without a rebound.
0:57 of 1st period - Vincent Lecavalier wins face-off versus David Krejci in Avalanche zone.
1:06 of 1st period - Slapshot by Vincent Lecavalier.
1:06 of 1st period - Shot Blocked by David Krejci.
1:08 of 1st period - Wrist shot by Brad Richardson.
1:08 of 1st period - Stopped by Semyon Varlamov without a rebound.
1:09 of 1st period - Jason Spezza wins face-off versus Bryan Little in Avalanche zone.
1:12 of 1st period - Snap shot by Jason Spezza.
1:12 of 1st period - Deflect By Michael Frolik.
1:12 of 1st period - Shot Blocked by Johnny Boychuk.
1:12 of 1st period - Puck is out of play.
1:13 of 1st period - Jason Spezza wins face-off versus Bryan Little in Avalanche zone.
1:56 of 1st period - Minor Penalty to Mike Komisarek for Hooking.
1:57 of 1st period - Vincent Lecavalier wins face-off versus Bryan Little in Devils zone.
2:04 of 1st period - Slapshot by Vincent Lecavalier.
2:04 of 1st period - Goal by Vincent Lecavalier - Avalanche : 0 - Devils : 1.
2:05 of 1st period - Bryan Little wins face-off versus Vincent Lecavalier in neutral zone.
2:31 of 1st period - Paul Stastny is hit by Karl Alzner and loses puck.
3:42 of 1st period - Andrei Kostitsyn is hit by Brad Richardson and loses puck.
3:56 of 1st period - Penalty to Mike Komisarek is over, Mike Komisarek is back on ice.
4:09 of 1st period - Mike Comrie is hit by Damien Brunner.
5:12 of 1st period - Slapshot by Damien Brunner.
5:12 of 1st period - Stopped by Semyon Varlamov with a rebound.
5:46 of 1st period - Michael Frolik is hit by Jack Johnson and loses puck.
6:44 of 1st period - Karl Alzner is hit by Mike Comrie and loses puck.
6:53 of 1st period - Steve Ott is hit by Pernell Karl Subban and loses puck.
7:09 of 1st period - Karl Alzner is hit by Bryan Little and loses puck.
8:08 of 1st period - Vincent Lecavalier is hit by Jay Bouwmeester and loses puck.
8:21 of 1st period - Shane O'Brien is hit by Brent Seabrook and loses puck.
8:28 of 1st period - Wrist shot by Ilya Kovalchuk.
8:28 of 1st period - Shot Blocked by Shane O'Brien.
9:03 of 1st period - Jay McKee is hit by Marc Staal and loses puck.
9:11 of 1st period - Slapshot by Jay McKee.
9:11 of 1st period - Stopped by Semyon Varlamov without a rebound.
9:12 of 1st period - Matt Duchene wins face-off versus Andrei Kostitsyn in Avalanche zone.
10:20 of 1st period - Slapshot by Marc Staal.
10:20 of 1st period - Shot Misses the Net.
10:26 of 1st period - Wrist shot by Michael Frolik.
10:26 of 1st period - Shot Blocked by Andrew Ladd.
10:36 of 1st period - Chris Phillips is hit by Marc Staal and loses puck.
11:05 of 1st period - Slapshot by Marc Staal.
11:05 of 1st period - Stopped by James Reimer without a rebound.
11:06 of 1st period - Matt Duchene wins face-off versus Paul Stastny in Devils zone.
11:19 of 1st period - Slapshot by Jay Bouwmeester.
11:19 of 1st period - Stopped by James Reimer with a rebound.
11:21 of 1st period - Slapshot by Jay Bouwmeester.
11:21 of 1st period - Shot Misses the Net.
11:38 of 1st period - Chris Mcallister is hit by Corey Perry and loses puck.
12:09 of 1st period - Minor Penalty to Chuck Kobasew for Diving.
12:10 of 1st period - Jason Spezza wins face-off versus Mike Comrie in Avalanche zone.
12:21 of 1st period - Shane O'Brien is hit by Karl Alzner and loses puck.
12:36 of 1st period - Michal Rozsival is hit by Andrei Kostitsyn and loses puck.
12:57 of 1st period - Jason Spezza is hit by Mike Comrie and loses puck.
13:32 of 1st period - Jack Johnson is hit by Michael Frolik and loses puck.
14:09 of 1st period - Penalty to Chuck Kobasew is over, Chuck Kobasew is back on ice.
14:17 of 1st period - Chuck Kobasew is hit by Steve Ott and loses puck.
15:11 of 1st period - Wrist shot by Alexander Radulov.
15:11 of 1st period - Stopped by James Reimer with a rebound.
16:04 of 1st period - Shane O'Brien is hit by Matt Duchene and loses puck.
16:36 of 1st period - Backhand shot by Jay Bouwmeester.
16:36 of 1st period - Deflect By Ryan Smyth.
16:36 of 1st period - Stopped by James Reimer without a rebound.
16:37 of 1st period - Steve Ott wins face-off versus Alexander Radulov in Devils zone.
17:03 of 1st period - Slapshot by Vladimir Tarasenko.
17:03 of 1st period - Deflect By Bryan Little.
17:03 of 1st period - Stopped by Semyon Varlamov with a rebound.
17:05 of 1st period - Slapshot by Brent Seabrook.
17:05 of 1st period - Shot Blocked by Jack Johnson.
17:07 of 1st period - Wrist shot by Ilya Kovalchuk.
17:07 of 1st period - Stopped by Semyon Varlamov with a rebound.
17:23 of 1st period - Snap shot by Mike Comrie.
17:23 of 1st period - Stopped by James Reimer without a rebound.
17:24 of 1st period - Jason Spezza wins face-off versus Paul Stastny in Devils zone.
17:29 of 1st period - Slapshot by Michael Frolik.
17:29 of 1st period - Shot Misses the Net.
17:39 of 1st period - Wrist shot by Michael Frolik.
17:39 of 1st period - Shot Misses the Net.
17:41 of 1st period - Wrist shot by Jason Spezza.
17:41 of 1st period - Stopped by Semyon Varlamov with a rebound.
17:56 of 1st period - Bryan Little is hit by Matt Duchene and loses puck.
18:01 of 1st period - Snap shot by Ilya Kovalchuk.
18:01 of 1st period - Stopped by Semyon Varlamov without a rebound.
18:02 of 1st period - Jason Spezza wins face-off versus Bryan Little in Avalanche zone.
18:34 of 1st period - Snap shot by Marc Staal.
18:34 of 1st period - Stopped by James Reimer with a rebound.
19:29 of 1st period - Minor Penalty to Johnny Boychuk for Goalie Interference.
19:30 of 1st period - Jason Spezza wins face-off versus Mike Comrie in Avalanche zone.
Goals for this period are 0 for Avalanche vs 1 for Devils.
Shots for this period are 6 for Avalanche vs 9 for Devils.
2nd period
0:01 of 2nd period - Jason Spezza wins face-off versus Mike Comrie in neutral zone.
0:08 of 2nd period - Snap shot by Michael Frolik.
0:08 of 2nd period - Stopped by Semyon Varlamov with a rebound.
0:10 of 2nd period - Slapshot by Chris Phillips.
0:10 of 2nd period - Shot Misses the Net.
0:12 of 2nd period - Slapshot by Chris Phillips.
0:12 of 2nd period - Deflect By Michael Frolik.
0:12 of 2nd period - Shot Misses the Net.
0:12 of 2nd period - Puck is out of play.
0:13 of 2nd period - Mike Comrie wins face-off versus Jason Spezza in Avalanche zone.
0:13 of 2nd period - Mike Comrie is hit by Chris Phillips.
0:27 of 2nd period - Mike Comrie is hit by Michael Frolik and loses puck.
0:40 of 2nd period - Mike Comrie is hit by Matt Duchene and loses puck.
0:49 of 2nd period - Slapshot by Vladimir Tarasenko.
0:49 of 2nd period - Shot Misses the Net.
1:04 of 2nd period - Icing by Karl Alzner.
1:05 of 2nd period - Brandon Yip wins face-off versus Jason Spezza in Devils zone.
1:29 of 2nd period - Penalty to Johnny Boychuk is over, Johnny Boychuk is back on ice.
2:32 of 2nd period - Slapshot by David Krejci.
2:32 of 2nd period - Stopped by James Reimer with a rebound.
2:34 of 2nd period - Wrist shot by Marc Staal.
2:34 of 2nd period - Deflect By Ryan Smyth.
2:34 of 2nd period - Shot Misses the Net.
2:34 of 2nd period - Puck is out of play.
2:35 of 2nd period - Matt Duchene wins face-off versus Paul Stastny in Devils zone.
2:35 of 2nd period - Matt Duchene is hit by Andrei Kostitsyn.
3:01 of 2nd period - Chris Phillips is hit by Bryan Little and loses puck.
3:45 of 2nd period - Snap shot by Chuck Kobasew.
3:45 of 2nd period - Shot Blocked by Mike Komisarek.
3:47 of 2nd period - Slapshot by Shane O'Brien.
3:47 of 2nd period - Stopped by James Reimer with a rebound.
4:39 of 2nd period - Snap shot by Corey Perry.
4:39 of 2nd period - Shot Misses the Net.
4:49 of 2nd period - Snap shot by David Krejci.
4:49 of 2nd period - Deflect By Karl Alzner.
4:49 of 2nd period - Shot Misses the Net.
4:49 of 2nd period - Puck is out of play.
4:50 of 2nd period - David Krejci wins face-off versus Steve Ott in Devils zone.
5:01 of 2nd period - Slapshot by David Krejci.
5:01 of 2nd period - Shot Misses the Net.
5:03 of 2nd period - Snap shot by Marc Staal.
5:03 of 2nd period - Shot Blocked by Brent Seabrook.
5:15 of 2nd period - Jack Johnson is hit by Matt Duchene and loses puck.
6:37 of 2nd period - Ryan Smyth is hit by Jay McKee and loses puck.
6:42 of 2nd period - Snap shot by Brett Maclean.
6:42 of 2nd period - Deflect By Damien Brunner.
6:42 of 2nd period - Shot Misses the Net.
6:42 of 2nd period - Puck is out of play.
6:43 of 2nd period - Bryan Little wins face-off versus Jason Spezza in Avalanche zone.
6:50 of 2nd period - Backhand shot by Chris Mcallister.
6:50 of 2nd period - Goal by Chris Mcallister - Avalanche : 0 - Devils : 2.
6:51 of 2nd period - Vladimir Tarasenko wins face-off versus Paul Stastny in neutral zone.
7:37 of 2nd period - Minor Penalty to Chris Phillips for Roughing.
7:38 of 2nd period - Vincent Lecavalier wins face-off versus Bryan Little in Devils zone.
7:38 of 2nd period - Vincent Lecavalier is hit by Johnny Boychuk.
8:04 of 2nd period - Brent Seabrook is hit by Paul Stastny and loses puck.
8:15 of 2nd period - Snap shot by Mikkel Boedker.
8:15 of 2nd period - Shot Misses the Net.
9:37 of 2nd period - Penalty to Chris Phillips is over, Chris Phillips is back on ice.
10:02 of 2nd period - Chris Phillips is hit by Ryan Smyth and loses puck.
10:22 of 2nd period - Brett Maclean is hit by Andrew Ladd.
11:13 of 2nd period - Ryan Smyth is hit by Steve Ott and loses puck.
11:57 of 2nd period - Ilya Kovalchuk is hit by Andrew Ladd and loses puck.
12:08 of 2nd period - Mikkel Boedker is hit by Damien Brunner.
12:27 of 2nd period - Alexander Radulov is hit by Mike Komisarek and loses puck.
12:40 of 2nd period - Andrei Kostitsyn is hit by Matt Duchene.
13:10 of 2nd period - Brent Seabrook is hit by Andrew Ladd and loses puck.
13:15 of 2nd period - Snap shot by Andrew Ladd.
13:15 of 2nd period - Stopped by James Reimer with a rebound.
13:29 of 2nd period - Brad Richardson is hit by David Krejci and loses puck.
13:34 of 2nd period - Snap shot by Chuck Kobasew.
13:34 of 2nd period - Shot Blocked by Brent Seabrook.
14:09 of 2nd period - Snap shot by Mike Comrie.
14:09 of 2nd period - Stopped by James Reimer without a rebound.
14:10 of 2nd period - Matt Duchene wins face-off versus Mike Comrie in Devils zone.
14:23 of 2nd period - Wrist shot by Vladimir Tarasenko.
14:23 of 2nd period - Deflect By Matt Duchene.
14:23 of 2nd period - Stopped by Semyon Varlamov without a rebound.
14:24 of 2nd period - Jason Spezza wins face-off versus Paul Stastny in Avalanche zone.
14:25 of 2nd period - Snap shot by Michael Frolik.
14:25 of 2nd period - Shot Blocked by Andrei Kostitsyn.
14:27 of 2nd period - Slapshot by Michal Rozsival.
14:27 of 2nd period - Shot Blocked by Marc Staal.
14:29 of 2nd period - Snap shot by Karl Alzner.
14:29 of 2nd period - Shot Misses the Net.
14:31 of 2nd period - Slapshot by Michal Rozsival.
14:31 of 2nd period - Shot Misses the Net.
14:33 of 2nd period - Slapshot by Karl Alzner.
14:33 of 2nd period - Shot Blocked by Alexander Radulov.
14:35 of 2nd period - Wrist shot by Jason Spezza.
14:35 of 2nd period - Shot Misses the Net.
14:37 of 2nd period - Slapshot by Michal Rozsival.
14:37 of 2nd period - Stopped by Semyon Varlamov without a rebound.
14:37 of 2nd period - Minor Penalty to Semyon Varlamov for Slashing.
14:38 of 2nd period - Jason Spezza wins face-off versus Mike Comrie in Avalanche zone.
15:30 of 2nd period - Minor Penalty to Ilya Kovalchuk for Hooking.
15:31 of 2nd period - Jason Spezza wins face-off versus Corey Perry in Devils zone.
15:56 of 2nd period - Shane O'Brien is hit by Jason Spezza and loses puck.
16:17 of 2nd period - Slapshot by Bryan Little.
16:17 of 2nd period - Stopped by James Reimer with a rebound.
16:37 of 2nd period - Penalty to Jack Johnson is over, Jack Johnson is back on ice.
16:39 of 2nd period - Snap shot by Jack Johnson.
16:39 of 2nd period - Shot Misses the Net.
16:41 of 2nd period - Slapshot by Marc Staal.
16:41 of 2nd period - Deflect By Corey Perry.
16:41 of 2nd period - Shot Misses the Net.
16:41 of 2nd period - Puck is out of play.
16:42 of 2nd period - Steve Ott wins face-off versus Paul Stastny in Devils zone.
17:30 of 2nd period - Penalty to Ilya Kovalchuk is over, Ilya Kovalchuk is back on ice.
17:47 of 2nd period - Wrist shot by Mike Komisarek.
17:47 of 2nd period - Deflect By Marc Staal.
17:47 of 2nd period - Goal by Mike Komisarek - Avalanche : 0 - Devils : 3.
17:48 of 2nd period - Paul Stastny wins face-off versus Vladimir Tarasenko in neutral zone.
18:01 of 2nd period - Wrist shot by Matt Duchene.
18:01 of 2nd period - Shot Misses the Net.
18:03 of 2nd period - Snap shot by Vladimir Tarasenko.
18:03 of 2nd period - Shot Misses the Net.
18:05 of 2nd period - Wrist shot by Vladimir Tarasenko.
18:05 of 2nd period - Shot Misses the Net.
18:15 of 2nd period - Michal Rozsival is hit by Bryan Little and loses puck.
18:35 of 2nd period - Minor Penalty to Vincent Lecavalier for Hooking.
18:36 of 2nd period - Corey Perry wins face-off versus Brad Richardson in Devils zone.
18:39 of 2nd period - Wrist shot by Corey Perry.
18:39 of 2nd period - Goal by Corey Perry - Avalanche : 1 - Devils : 3.
18:40 of 2nd period - Paul Stastny wins face-off versus Matt Duchene in neutral zone.
19:12 of 2nd period - Off-side.
19:13 of 2nd period - Matt Duchene wins face-off versus Bryan Little in neutral zone.
19:16 of 2nd period - Slapshot by Michal Rozsival.
19:16 of 2nd period - Shot Misses the Net.
19:18 of 2nd period - Slapshot by Matt Duchene.
19:18 of 2nd period - Stopped by Semyon Varlamov with a rebound.
19:20 of 2nd period - Slapshot by Michal Rozsival.
19:20 of 2nd period - Stopped by Semyon Varlamov with a rebound.
19:28 of 2nd period - Backhand shot by Matt Duchene.
19:28 of 2nd period - Shot Misses the Net.
Goals for this period are 1 for Avalanche vs 2 for Devils.
Shots for this period are 6 for Avalanche vs 7 for Devils.
3rd period
0:01 of 3rd period - Matt Duchene wins face-off versus Paul Stastny in neutral zone.
0:26 of 3rd period - Wrist shot by Mikkel Boedker.
0:26 of 3rd period - Shot Misses the Net.
0:41 of 3rd period - Minor Penalty to Johnny Boychuk for Interference.
0:42 of 3rd period - Jason Spezza wins face-off versus Mike Comrie in Avalanche zone.
1:08 of 3rd period - Vladimir Tarasenko is hit by Andrew Ladd and loses puck.
2:41 of 3rd period - Penalty to Johnny Boychuk is over, Johnny Boychuk is back on ice.
2:50 of 3rd period - Michal Rozsival is hit by Mikkel Boedker and loses puck.
2:55 of 3rd period - Snap shot by Bryan Little.
2:55 of 3rd period - Stopped by James Reimer without a rebound.
2:56 of 3rd period - Paul Stastny wins face-off versus Steve Ott in Devils zone.
3:34 of 3rd period - Minor Penalty to Brent Seabrook for Roughing.
3:35 of 3rd period - Bryan Little wins face-off versus Vincent Lecavalier in Devils zone.
3:38 of 3rd period - Minor Penalty to Andrei Kostitsyn for Goalie Interference.
3:39 of 3rd period - Corey Perry wins face-off versus Jason Spezza in Avalanche zone.
3:45 of 3rd period - Snap shot by Paul Stastny.
3:45 of 3rd period - Stopped by James Reimer with a rebound.
4:21 of 3rd period - Slapshot by Jason Spezza.
4:21 of 3rd period - Deflect By Jay Bouwmeester.
4:21 of 3rd period - Stopped by Semyon Varlamov with a rebound.
4:23 of 3rd period - Snap shot by Ilya Kovalchuk.
4:23 of 3rd period - Shot Blocked by Alexander Radulov.
4:25 of 3rd period - Slapshot by Ilya Kovalchuk.
4:25 of 3rd period - Deflect By Matt Duchene.
4:25 of 3rd period - Goal by Matt Duchene - Avalanche : 1 - Devils : 4.
4:25 of 3rd period - Dan Ellis enters game.
4:26 of 3rd period - Jason Spezza wins face-off versus Corey Perry in neutral zone.
4:51 of 3rd period - Mike Komisarek is hit by Jack Johnson and loses puck.
5:34 of 3rd period - Penalty to Brent Seabrook is over, Brent Seabrook is back on ice.
5:38 of 3rd period - Penalty to Andrei Kostitsyn is over, Andrei Kostitsyn is back on ice.
5:41 of 3rd period - Slapshot by Brent Seabrook.
5:41 of 3rd period - Deflect By Matt Duchene.
5:41 of 3rd period - Stopped by Dan Ellis with a rebound.
5:43 of 3rd period - Slapshot by Brent Seabrook.
5:43 of 3rd period - Goal by Brent Seabrook - Avalanche : 1 - Devils : 5.
5:44 of 3rd period - Andrei Kostitsyn wins face-off versus Matt Duchene in neutral zone.
5:53 of 3rd period - Snap shot by Andrei Kostitsyn.
5:53 of 3rd period - Deflect By Brent Seabrook.
5:53 of 3rd period - Shot Misses the Net.
5:53 of 3rd period - Puck is out of play.
5:54 of 3rd period - Matt Duchene wins face-off versus Paul Stastny in Devils zone.
6:07 of 3rd period - Wrist shot by Andrei Kostitsyn.
6:07 of 3rd period - Stopped by James Reimer with a rebound.
6:35 of 3rd period - Slapshot by Andrei Kostitsyn.
6:35 of 3rd period - Stopped by James Reimer with a rebound.
6:37 of 3rd period - Slapshot by Marc Staal.
6:37 of 3rd period - Shot Misses the Net.
6:39 of 3rd period - Snap shot by Jack Johnson.
6:39 of 3rd period - Shot Blocked by Ilya Kovalchuk.
6:41 of 3rd period - Wrist shot by Andrei Kostitsyn.
6:41 of 3rd period - Shot Misses the Net.
6:43 of 3rd period - Snap shot by Marc Staal.
6:43 of 3rd period - Stopped by James Reimer with a rebound.
6:47 of 3rd period - Backhand shot by Andrei Kostitsyn.
6:47 of 3rd period - Stopped by James Reimer with a rebound.
6:55 of 3rd period - Wrist shot by Paul Stastny.
6:55 of 3rd period - Shot Misses the Net.
7:05 of 3rd period - Snap shot by Paul Stastny.
7:05 of 3rd period - Shot Misses the Net.
7:07 of 3rd period - Snap shot by Alexander Radulov.
7:07 of 3rd period - Shot Misses the Net.
7:09 of 3rd period - Backhand shot by Paul Stastny.
7:09 of 3rd period - Shot Misses the Net.
7:11 of 3rd period - Snap shot by Marc Staal.
7:11 of 3rd period - Stopped by James Reimer with a rebound.
7:13 of 3rd period - Slapshot by Marc Staal.
7:13 of 3rd period - Deflect By Andrei Kostitsyn.
7:13 of 3rd period - Stopped by James Reimer with a rebound.
7:15 of 3rd period - Wrist shot by Paul Stastny.
7:15 of 3rd period - Avalanche goal is going for a video replay.
7:15 of 3rd period - The goal is good.
7:15 of 3rd period - Goal by Paul Stastny - Avalanche : 2 - Devils : 5.
7:16 of 3rd period - Bryan Little wins face-off versus Jason Spezza in neutral zone.
7:25 of 3rd period - Snap shot by Bryan Little.
7:25 of 3rd period - Shot Misses the Net.
7:27 of 3rd period - Wrist shot by Corey Perry.
7:27 of 3rd period - Stopped by James Reimer with a rebound.
7:29 of 3rd period - Backhand shot by Mikkel Boedker.
7:29 of 3rd period - Deflect By Corey Perry.
7:29 of 3rd period - Shot Hit the Post.
7:29 of 3rd period - Puck is out of play.
7:30 of 3rd period - Bryan Little wins face-off versus Jason Spezza in Devils zone.
7:33 of 3rd period - Wrist shot by Mikkel Boedker.
7:33 of 3rd period - Stopped by James Reimer with a rebound.
7:35 of 3rd period - Snap shot by Jay Bouwmeester.
7:35 of 3rd period - Shot Blocked by Karl Alzner.
8:02 of 3rd period - Gabriel Landeskog is hit by Chuck Kobasew and loses puck.
8:14 of 3rd period - Icing by Vincent Lecavalier.
8:15 of 3rd period - Mike Comrie wins face-off versus Steve Ott in Devils zone.
8:18 of 3rd period - Slapshot by Jack Johnson.
8:18 of 3rd period - Shot Blocked by Steve Ott.
8:20 of 3rd period - Snap shot by Andrew Ladd.
8:20 of 3rd period - Shot Misses the Net.
8:22 of 3rd period - Wrist shot by Andrew Ladd.
8:22 of 3rd period - Shot Misses the Net.
8:24 of 3rd period - Wrist shot by Andrew Ladd.
8:24 of 3rd period - Shot Misses the Net.
8:28 of 3rd period - Slapshot by Andrew Ladd.
8:28 of 3rd period - Stopped by James Reimer with a rebound.
8:44 of 3rd period - Snap shot by Ilya Kovalchuk.
8:44 of 3rd period - Stopped by Dan Ellis with a rebound.
8:46 of 3rd period - Snap shot by Ilya Kovalchuk.
8:46 of 3rd period - Shot Blocked by Jack Johnson.
8:48 of 3rd period - Slapshot by Karl Alzner.
8:48 of 3rd period - Shot Blocked by Mikkel Boedker.
9:12 of 3rd period - Alexander Radulov is hit by Chris Mcallister and loses puck.
9:27 of 3rd period - Slapshot by Jack Johnson.
9:27 of 3rd period - Stopped by James Reimer without a rebound.
9:28 of 3rd period - Matt Duchene wins face-off versus David Krejci in Devils zone.
9:39 of 3rd period - Snap shot by Matt Duchene.
9:39 of 3rd period - Stopped by Dan Ellis with a rebound.
9:41 of 3rd period - Snap shot by Matt Duchene.
9:41 of 3rd period - Stopped by Dan Ellis without a rebound.
9:42 of 3rd period - Bryan Little wins face-off versus Matt Duchene in Avalanche zone.
10:01 of 3rd period - Vladimir Tarasenko is hit by Shane O'Brien and loses puck.
10:12 of 3rd period - Wrist shot by Jason Spezza.
10:12 of 3rd period - Stopped by Dan Ellis with a rebound.
10:14 of 3rd period - Snap shot by Michael Frolik.
10:14 of 3rd period - Stopped by Dan Ellis with a rebound.
10:18 of 3rd period - Wrist shot by Michael Frolik.
10:18 of 3rd period - Stopped by Dan Ellis without a rebound.
10:19 of 3rd period - Paul Stastny wins face-off versus Jason Spezza in Avalanche zone.
10:54 of 3rd period - Snap shot by Ilya Kovalchuk.
10:54 of 3rd period - Goal by Ilya Kovalchuk - Avalanche : 2 - Devils : 6.
10:55 of 3rd period - Matt Duchene wins face-off versus Mikkel Boedker in neutral zone.
11:46 of 3rd period - Slapshot by Vincent Lecavalier.
11:46 of 3rd period - Stopped by Dan Ellis without a rebound.
11:47 of 3rd period - Bryan Little wins face-off versus Vincent Lecavalier in Avalanche zone.
13:36 of 3rd period - Snap shot by Vincent Lecavalier.
13:36 of 3rd period - Shot Misses the Net.
13:47 of 3rd period - Off-side.
13:48 of 3rd period - Matt Duchene wins face-off versus Bryan Little in neutral zone.
13:53 of 3rd period - Snap shot by Matt Duchene.
13:53 of 3rd period - Shot Misses the Net.
13:55 of 3rd period - Snap shot by Karl Alzner.
13:55 of 3rd period - Deflect By Vladimir Tarasenko.
13:55 of 3rd period - Shot Misses the Net.
13:55 of 3rd period - Puck is out of play.
13:56 of 3rd period - Matt Duchene wins face-off versus Bryan Little in Avalanche zone.
14:08 of 3rd period - Snap shot by Matt Duchene.
14:08 of 3rd period - Stopped by Dan Ellis with a rebound.
14:10 of 3rd period - Snap shot by Ilya Kovalchuk.
14:10 of 3rd period - Shot Blocked by Marc Staal.
14:12 of 3rd period - Slapshot by Vladimir Tarasenko.
14:12 of 3rd period - Shot Misses the Net.
14:46 of 3rd period - Snap shot by Ilya Kovalchuk.
14:46 of 3rd period - Stopped by Dan Ellis with a rebound.
14:48 of 3rd period - Slapshot by Karl Alzner.
14:48 of 3rd period - Shot Misses the Net.
14:50 of 3rd period - Snap shot by Matt Duchene.
14:50 of 3rd period - Shot Misses the Net.
14:52 of 3rd period - Snap shot by Ilya Kovalchuk.
14:52 of 3rd period - Stopped by Dan Ellis with a rebound.
14:54 of 3rd period - Slapshot by Karl Alzner.
14:54 of 3rd period - Stopped by Dan Ellis without a rebound.
14:55 of 3rd period - Jason Spezza wins face-off versus Andrei Kostitsyn in Avalanche zone.
15:20 of 3rd period - Snap shot by Chuck Kobasew.
15:20 of 3rd period - Stopped by James Reimer with a rebound.
15:22 of 3rd period - Wrist shot by David Krejci.
15:22 of 3rd period - Stopped by James Reimer without a rebound.
15:23 of 3rd period - Steve Ott wins face-off versus David Krejci in Devils zone.
15:30 of 3rd period - Snap shot by Chuck Kobasew.
15:30 of 3rd period - Goal by Chuck Kobasew - Avalanche : 3 - Devils : 6.
15:31 of 3rd period - Matt Duchene wins face-off versus Bryan Little in neutral zone.
15:40 of 3rd period - Snap shot by Ilya Kovalchuk.
15:40 of 3rd period - Shot Misses the Net.
15:42 of 3rd period - Wrist shot by Vladimir Tarasenko.
15:42 of 3rd period - Deflect By Ilya Kovalchuk.
15:42 of 3rd period - Stopped by Dan Ellis with a rebound.
15:44 of 3rd period - Snap shot by Matt Duchene.
15:44 of 3rd period - Shot Misses the Net.
15:46 of 3rd period - Slapshot by Karl Alzner.
15:46 of 3rd period - Shot Misses the Net.
15:48 of 3rd period - Slapshot by Karl Alzner.
15:48 of 3rd period - Shot Hit the Post.
15:58 of 3rd period - Chris Mcallister is hit by Marc Staal.
16:04 of 3rd period - Mike Komisarek is hit by Paul Stastny and loses puck.
16:35 of 3rd period - David Krejci is hit by Brad Richardson and loses puck.
17:16 of 3rd period - Alexander Radulov is hit by Damien Brunner and loses puck.
19:20 of 3rd period - Off-side.
19:21 of 3rd period - Matt Duchene wins face-off versus Bryan Little in neutral zone.
19:23 of 3rd period - Off-side.
19:24 of 3rd period - Matt Duchene wins face-off versus Paul Stastny in neutral zone.
19:50 of 3rd period - Snap shot by Jason Spezza.
19:50 of 3rd period - Goal by Jason Spezza - Avalanche : 3 - Devils : 7.
19:51 of 3rd period - Bryan Little wins face-off versus Vladimir Tarasenko in neutral zone.
19:56 of 3rd period - Backhand shot by Marc Staal.
19:56 of 3rd period - Stopped by James Reimer with a rebound.
Goals for this period are 2 for Avalanche vs 4 for Devils.
Shots for this period are 17 for Avalanche vs 18 for Devils.
Back to the Top